 Dungeon Crawl Stone Soup version 0.21-a0-404-g291f19a (webtiles) character file.

6674 ohad the Cruncher (level 10, 0/68 HPs)
             Began as a Demonspawn Transmuter on Oct 31, 2017.
             Was a High Priest of Okawaru.
             Succumbed to a killer bee's poison
             ... on level 9 of the Dungeon.
             The game lasted 00:21:29 (9515 turns).

ohad the Cruncher (Demonspawn Transmuter)           Turns: 9515, Time: 00:21:30

Health: 0/68       AC: 20    Str: 13    XL:     10   Next: 73%
Magic:  0/14       EV:  6    Int: 18    God:    Okawaru [*****.]
Gold:   458        SH:  0    Dex: 16    Spells: 7/13 levels left

rFire    . . .     SeeInvis .   m - +2 quarterstaff (chaos)
rCold    . . .     Gourm    .   (shield currently unavailable)
rNeg     . . .     Faith    .   n - +8 chain mail "Jalobb" {-Tele Int+3 Dex+2}
rPois    .         Spirit   +   (helmet restricted)
rElec    .         Reflect  .   r - +2 cloak {MR+}
rCorr    .         Harm     .   (no gloves)
MR       +....     NoTele   +   A - +0 pair of boots
Stlth    ..........             L - amulet of rage
HPRegen  0.21/turn              z - ring of stealth
MPRegen  0.28/turn              O - ring of wizardry

@: lethally poisoned (0 -> -7), corroded
A: antennae 1, molten scales 2, magic shield, magic regeneration
a: Heroism, Finesse, Renounce Religion, Evoke Berserk Rage


You were on level 9 of the Dungeon.
You worshipped Okawaru.
Okawaru was extremely pleased with you.
You were hungry.

You visited 1 branch of the dungeon, and saw 9 of its levels.

You collected 458 gold pieces.

Inventory:

Hand Weapons
 k - a +1 short sword of venom
 m - a +2 quarterstaff of chaos (weapon)
 w - a cursed -1 blowgun
 B - a +0 morningstar
Missiles
 a - 181 arrows
 p - 88 bolts
 u - 52 poisoned needles
Armour
 b - a +0 robe
 g - a +0 shield
 l - a +0 leather armour
 n - the +8 chain mail "Jalobb" (worn) {-Tele Int+3 Dex+2}
   (You found it on level 8 of the Dungeon)

   It affects your intelligence (+3).
   It affects your dexterity (+2).
   It prevents most forms of teleportation.
 r - a +2 cloak of magic resistance (worn)
 A - a +0 pair of boots (worn)
 F - a +0 scale mail
 Q - a +0 plate armour of fire resistance
Jewellery
 s - an uncursed ring of positive energy
 z - a ring of stealth (left hand)
 L - an amulet of rage (around neck)
 O - a ring of wizardry (right hand)
 W - an uncursed ring of see invisible
 X - an uncursed ring of resist corrosion
Wands
 G - a wand of paralysis (15/24)
 M - a wand of polymorph (11/24)
 P - a wand of disintegration (10/24)
 T - a wand of disintegration (10/24)
Scrolls
 e - 4 scrolls of enchant armour {unknown}
 h - 4 scrolls of remove curse {unknown}
 j - 2 scrolls of recharging {unknown}
 o - 3 scrolls of amnesia {unknown}
 t - 4 scrolls of teleportation {unknown}
 y - 2 scrolls of blinking {unknown}
 E - 3 scrolls of random uselessness {unknown}
 I - a scroll of immolation {unknown}
 U - a scroll of magic mapping {unknown}
 Z - a scroll of enchant weapon {unknown}
Potions
 i - 2 potions of brilliance
 q - 3 potions of invisibility
 x - 2 potions of curing
 C - 2 potions of might
 H - a potion of agility
 J - 4 potions of berserk rage
 K - 3 potions of resistance
 R - 3 potions of flight
 S - a potion of lignification
 V - a potion of magic
 Y - a potion of haste
Comestibles
 c - a chunk of flesh
 d - 6 bread rations
 f - 8 royal jellies
 D - 3 meat rations
 N - 2 fruits


   Skills:
 - Level 2.4 Fighting
 - Level 2.2 Short Blades
 + Level 12.6 Staves
 - Level 3.9 Armour
 - Level 1.7 Dodging
 - Level 1.3 Shields
 - Level 2.6 Unarmed Combat
 - Level 2.0 Spellcasting
 - Level 3.2 Transmutations
 - Level 6.0 Invocations


You had 7 spell levels left.
You knew the following spells:

 Your Spells              Type           Power        Failure   Level  Hunger
a - Beastly Appendage     Tmut           ##....       45%         1    #......
b - Sticks to Snakes      Tmut           ##......     58%         2    ###....
c - Spider Form           Tmut/Pois      #.........   95%         3    ###....


Dungeon Overview and Level Annotations

Branches:
Dungeon (9/15)             Temple (0/1) D:4
   Lair: D:8-11         Orc: D:9-12

Altars:
Cheibriados
Nemelex Xobeh
Okawaru
Uskayaw

Annotations:
D:7 4 runed doors


Innate Abilities, Weirdness & Mutations

You have a pair of small antennae on your head.
You are mostly covered in molten scales. (AC +3)
When hurt, damage is shared between your health and your magic reserves.
You regenerate magic rapidly.


Message History

You kill the hound!
Okawaru accepts your kill.
You feel sick.
You hit the killer bee. You burn the killer bee.
The killer bee is heavily wounded.
You feel sick.
The killer bee stings you but does no damage.
You sock the killer bee!
You kill the killer bee!
Okawaru accepts your kill.
The orc zaps a wand.
The bolt of acid hits you!
* * * LOW HITPOINT WARNING * * *
You are splashed with acid!
The acid burns!
* * * LOW HITPOINT WARNING * * *
You feel sick.
The orc zaps a wand.
The bolt of acid hits you! The acid corrodes you!
You are splashed with acid!
The acid burns!
* * * LOW HITPOINT WARNING * * *
Items here: ( ))) †††† You completely miss the orc.
You die...

#################################
..............(o@)...............
................########.........
####........)...# #...######
#............# #...#
#............# #...#
#............# #...#
#............# #...#
#............# #...#
#.............. #...#


You could see an orc.

Vanquished Creatures
  Pikel (D:7)
  A troll (D:9)
  4 hogs (D:8)
  A human (D:8)
  A hungry ghost (D:9)
  3 orc warriors (D:9)
  5 ice beasts
  A slave (D:7)
  An eye of draining (D:9)
  2 phantoms (D:9)
  2 sky beasts
  8 ogres
  A wolf (D:9)
  2 centaurs
  A crocodile (D:7)
  A big kobold (D:7)
  Blork the orc (D:6)
  2 bullfrogs (D:7)
  A water moccasin zombie (D:7)
  3 scorpions
  13 killer bees
  9 wights
  5 crimson imps
  2 bullfrog zombies
  6 hounds
  10 orc wizards
  4 orc priests
  Crazy Yiuf (D:2)
  Jessica (D:2)
  Ijyb (D:5)
  Terence (D:2)
  3 iguanas
  A worker ant (shapeshifter) (D:9)
  5 worker ants
  A killer bee zombie (D:5)
  A hound zombie (D:6)
  2 hound skeletons
  A howler monkey zombie (D:6)
  10 adders
  A howler monkey skeleton (D:7)
  2 shadow imps
  5 oozes
  An adder zombie (D:9)
  5 worms
  7 dart slugs
  5 leopard geckos
  34 orcs
  2 ball pythons (D:1)
  A bat zombie (D:2)
  5 giant cockroaches
  9 goblins
  14 hobgoblins
  7 jackals (D:1)
  14 kobolds
  3 quokkas
  10 bats
  5 frilled lizards
  A leopard gecko skeleton (D:6)
  A quokka zombie (D:5)
  7 rats
258 creatures vanquished.

Vanquished Creatures (collateral kills)
  An adder (D:2)
  2 kobolds (D:2)
3 creatures vanquished.

Vanquished Creatures (others)
  A sky beast (D:5)
  A bullfrog (D:6)
  A bat (D:3)
3 creatures vanquished.

Grand Total: 264 creatures vanquished

Notes
Turn   | Place    | Note
-------+----------+-------------------------------------------
     0 | D:1      | ohad the Demonspawn Transmuter began the quest for the Orb.
     0 | D:1      | Reached XP level 1. HP: 15/15 MP: 3/3
    65 | D:1      | Gained mutation: When hurt, damage is shared between your health and your magic reserves. [demonic ancestry]
    65 | D:1      | Reached XP level 2. HP: 15/21 MP: 5/5
   244 | D:1      | You fall through a shaft!
   248 | D:2      | Noticed Jessica
   363 | D:1      | Learned a level 2 spell: Sticks to Snakes
   423 | D:1      | Gained mutation: You have a pair of small antennae on your head. [demonic ancestry]
   423 | D:1      | Reached XP level 3. HP: 21/26 MP: 4/6
   431 | D:1      | Learned a level 3 spell: Spider Form
  1399 | D:2      | Found an iron altar of Okawaru.
  1409 | D:2      | Became a worshipper of Warmaster Okawaru
  1532 | D:2      | Reached XP level 4. HP: 28/34 MP: 7/7
  1605 | D:2      | Noticed Terence
  1620 | D:2      | Killed Terence
  1620 | D:2      | Reached skill level 1 in Short Blades
  1713 | D:2      | Reached skill level 1 in Shields
  2028 | D:2      | Found a runed door.
  2032 | D:2      | Noticed Crazy Yiuf
  2043 | D:2      | Killed Crazy Yiuf
  2043 | D:2      | Reached XP level 5. HP: 16/39 MP: 1/8
  2286 | D:2      | Killed Jessica
  2286 | D:2      | Reached skill level 1 in Staves
  2368 | D:2      | Found a sparkling altar of Nemelex Xobeh.
  2721 | D:2      | Reached skill level 1 in Armour
  2899 | D:3      | Reached XP level 6. HP: 44/46 MP: 7/9
  3511 | D:4      | Reached skill level 2 in Staves
  3633 | D:4      | Found a staircase to the Ecumenical Temple.
  3641 | D:4      | Reached * piety under Okawaru
  4200 | D:4      | Reached skill level 3 in Staves
  4200 | D:4      | Gained mutation: You are partially covered in molten scales. (AC +2) [demonic ancestry]
  4200 | D:4      | Reached XP level 7. HP: 19/51 MP: 4/10
  4568 | D:4      | Found a snail-covered altar of Cheibriados.
  4757 | D:5      | Entered Level 5 of the Dungeon
  4913 | D:5      | Reached skill level 4 in Staves
  5048 | D:5      | Reached skill level 5 in Staves
  5365 | D:5      | Gained mutation: You regenerate magic rapidly. [demonic ancestry]
  5365 | D:5      | Reached XP level 8. HP: 56/57 MP: 11/11
  5398 | D:5      | Noticed Ijyb
  5401 | D:5      | Reached skill level 6 in Staves
  5418 | D:5      | Killed Ijyb
  5744 | D:6      | Reached ** piety under Okawaru
  5744 | D:6      | Reached skill level 7 in Staves
  5961 | D:6      | Noticed Blork the orc
  5978 | D:6      | Killed Blork the orc
  5978 | D:6      | Reached skill level 8 in Staves
  6716 | D:7      | Noticed Pikel
  6884 | D:7      | Killed Pikel
  6884 | D:7      | Reached *** piety under Okawaru
  6884 | D:7      | Reached skill level 9 in Staves
  6884 | D:7      | Reached XP level 9. HP: 43/62 MP: 8/12
  7169 | D:7      | Reached skill level 10 in Staves
  7500 | D:7      | Found a huge runed gate.
  7500 | D:7      | Found a huge runed gate.
  7500 | D:7      | Found a huge runed gate.
  7500 | D:7      | Found a huge runed gate.
  7500 | D:7      | Noticed a manticore
  7500 | D:7      | Noticed a polar bear
  7500 | D:7      | Noticed a manticore
  7500 | D:7      | Noticed a polar bear
  7500 | D:7      | Noticed a polar bear
  7509 | D:7      | Noticed a polar bear
  7899 | D:8      | Reached **** piety under Okawaru
  7899 | D:8      | Reached skill level 11 in Staves
  8133 | D:8      | Gained mutation: You are mostly covered in molten scales. (AC +3) [demonic ancestry]
  8133 | D:8      | Reached XP level 10. HP: 42/68 MP: 10/13
  8153 | D:8      | Got a spiked chain mail
  8363 | D:8      | Identified the +8 chain mail "Jalobb" {-Tele Int+3 Dex+2} (You found it on level 8 of the Dungeon)
  8466 | D:8      | Reached skill level 12 in Staves
  8525 | D:8      | Reached ***** piety under Okawaru
  8561 | D:8      | Found a hide-covered altar of Uskayaw.
  9012 | D:9      | Reached skill level 5 in Invocations
  9514 | D:9      | HP: 1/68 [acid (9)]
  9515 | D:9      | Succumbed to a killer bee's poison

Vault maps used:
D:1:      ncdulo_watergridlock
D:2:      nicolae_overflow_crystal_walls, serial_undead, serial_undead_c,
          serial_undead_f, serial_undead_c, serial_undead_b, okawaru_gym_becter,
          uniq_crazy_yiuf_cottage, uniq_terence, uniq_jessica
D:3:      first_bread
D:4:      minmay_temple_entry_glass, kennysheep_slug_shrine
D:5:      kennysheep_generic_room_14, uniq_ijyb
D:6:      uniq_blork_the_orc
D:7:      lemuel_bear_cage, uniq_pikel
D:8:      basic_altar, grunt_livestock
D:9:      erik_lair_island

Skill      XL: |  1  2  3  4  5  6  7  8  9 10 |
---------------+-------------------------------+-----
Transmutations | 2 3 |  3.2
Fighting       | 2 |  2.4
Short Blades   | 2 |  2.2
Shields        | 1 |  1.3
Staves         | 1 3 5 9 11 12 | 12.6
Armour         | 1 2 3 |  3.9
Invocations    | 2 6 |  6.0
Dodging        | |  1.7
Unarmed Combat | |  2.6
Spellcasting   | |  2.0

Action                   |  1- 3 |  4- 6 |  7- 9 | 10-12 || total
-------------------------+-------+-------+-------+-------++-------
Melee: Unarmed           |   122 |       |    13 |       ||   135
       Kick              |    20 |       |       |       ||    20
       Headbutt          |     3 |       |       |       ||     3
       Punch             |     4 |       |       |       ||     4
       Short sword       |    11 |    63 |       |       ||    74
       Quarterstaff      |       |   177 |   398 |   291 ||   866
 Cast: Beastly Appendage |    20 |       |       |       ||    20
       Sticks to Snakes  |     2 |     3 |     3 |       ||     8
Invok: Heroism           |       |     1 |     7 |     3 ||    11
  Use: Scroll            |       |       |    10 |     1 ||    11
 Stab: Sleeping          |     1 |       |       |       ||     1
       Paralysed         |       |     4 |     2 |     1 ||     7
       Petrified         |       |       |    12 |     5 ||    17
       Petrifying        |       |       |     5 |     7 ||    12
       Confused          |       |       |       |     1 ||     1
  Eat: Chunk             |     2 |    10 |    11 |     6 ||    29
       Fruit             |       |       |     1 |     1 ||     2
Armor: Robe              |    18 |       |       |       ||    18
       Leather armour    |     2 |    39 |       |       ||    41
       Chain mail        |       |   108 |       |   159 ||   267
       Scale mail        |       |       |   158 |    10 ||   168
Dodge: Dodged            |    89 |   112 |   138 |    80 ||   419
Block: Shield            |     4 |    23 |       |       ||    27

Table legend:
 A = Spawn XP
 B = Non-spawn XP
 C = Spawn XP percentage of total XP
 D = Spawn monster count
 E = Non-spawn monster count
 F = Spawn count percentage of total count
 G = Total turns spent on level
                    A         B        C        D         E        F      G
               +---------+---------+-------+---------+---------+-------+---------
         Total |       0 |    9535 |   0.0 |       0 |     263 |   0.0 |  9515
               +---------+---------+-------+---------+---------+-------+---------
           D:1 |       0 |      79 |   0.0 |       0 |      37 |   0.0 |  1144
           D:2 |       0 |     255 |   0.0 |       0 |      37 |   0.0 |  1579
           D:3 |       0 |     118 |   0.0 |       0 |      29 |   0.0 |   720
           D:4 |       0 |     323 |   0.0 |       0 |      17 |   0.0 |  1314
           D:5 |       0 |     821 |   0.0 |       0 |      20 |   0.0 |   867
           D:6 |       0 |    1119 |   0.0 |       0 |      27 |   0.0 |  1206
           D:7 |       0 |    1805 |   0.0 |       0 |      27 |   0.0 |   945
           D:8 |       0 |    2239 |   0.0 |       0 |      24 |   0.0 |  1082
           D:9 |       0 |    2776 |   0.0 |       0 |      45 |   0.0 |   658
               +---------+---------+-------+---------+---------+-------+---------
